[Event "Aktobe Open 2022"]
[Site "Aktobe"]
[Date "2022.06.14"]
[Round "1.1"]
[White "Ponkratov, Pavel"]
[Black "Akhmedinov, Satbek"]
[Result "1-0"]
[ECO "C45"]
[WhiteElo "2624"]
[BlackElo "1705"]
[Annotator "RC"]
[PlyCount "71"]
[EventDate "2022.06.14"]
[EventType "swiss"]
[EventCountry "KAZ"]
[SourceTitle "playchess.com"]
[Source "ChessBase"]
[SourceQuality "1"]
[TimeControl "5400+30"]

1. e4 e5 2. Nf3 Nc6 3. d4 exd4 4. Nxd4 Nf6 5. Nxc6 bxc6 6. e5 Qe7 7. Qe2 Nd5 8. h4 d6 9. c4 Nb6 10. exd6 cxd6 11. Nc3 Be6 12. b3 g6 13. Bg5 f6 14. Bf4 Bg7 15. O-O-O d5 16. Re1 Kf7 17. c5 Nc8 18. h5 Re8 19. hxg6+ hxg6 20. Na4 Bg4 21. f3 Bf5 22. Kd2 g5 23. Bc7 Be6 24. Ba5 f5 25. f4 g4 26. g3 Qf6 27. Bc7 Qd4+ 28. Qd3 Qb4+ 29. Kd1 Ne7 30. Rh7 Ng6 31. Rxe6 Kxe6 32. Rxg7 Kf6 33. Rd7 Re1+ 34. Kc2 Rh8 35. Bd8+ Ne7 36. Be2 1-0

[Event "Aktobe Open 2022"]
[Site "Aktobe"]
[Date "2022.06.14"]
[Round "1.2"]
[White "Talgatov, Nazar"]
[Black "Afanasiev, Nikita"]
[Result "0-1"]
[ECO "B40"]
[WhiteElo "1845"]
[BlackElo "2567"]
[Annotator "RC"]
[PlyCount "60"]
[EventDate "2022.06.14"]
[EventType "swiss"]
[EventCountry "KAZ"]
[SourceTitle "playchess.com"]
[Source "ChessBase"]
[SourceQuality "1"]
[TimeControl "5400+30"]

1. e4 c5 2. b3 b6 3. Bb2 Bb7 4. Nc3 e6 5. Nf3 Nc6 6. Be2 Nge7 7. O-O Ng6 8. d4 cxd4 9. Nxd4 Bc5 10. Ndb5 O-O 11. Nd6 Qb8 12. Nxb7 Qxb7 13. Qd2 Bd4 14. Ba3 Rfd8 15. Nb5 Bxa1 16. Nd6 Qc7 17. Rxa1 a6 18. f4 b5 19. Bb2 f6 20. Rf1 Qa5 21. Qe3 Qxa2 22. Ba1 Qxc2 23. Rc1 Qa2 24. e5 fxe5 25. f5 Nd4 26. Bf3 Nxf3+ 27. Qxf3 Nh4 28. Qg3 Qd2 29. Rf1 Qxd6 30. Bxe5 Qc5+ 0-1

[Event "Aktobe Open 2022"]
[Site "Aktobe"]
[Date "2022.06.14"]
[Round "1.3"]
[White "Nesterov, Arseniy"]
[Black "Amangeldy, Ernur"]
[Result "1-0"]
[ECO "D44"]
[WhiteElo "2569"]
[BlackElo "1682"]
[Annotator "RC"]
[PlyCount "47"]
[EventDate "2022.06.14"]
[EventType "swiss"]
[EventCountry "KAZ"]
[SourceTitle "playchess.com"]
[Source "ChessBase"]
[SourceQuality "1"]
[TimeControl "5400+30"]

1. d4 d5 2. c4 c6 3. Nf3 Nf6 4. Nc3 e6 5. Bg5 dxc4 6. e4 b5 7. e5 h6 8. Bh4 g5 9. Nxg5 hxg5 10. Bxg5 Nbd7 11. g3 Bb7 12. Bg2 Qb6 13. exf6 O-O-O 14. O-O b4 15. Ne4 c5 16. Qe2 Bd5 17. Rac1 Qb5 18. b3 Nb6 19. dxc5 Bxc5 20. bxc4 Nxc4 21. Rfd1 Rd7 22. Nxc5 Qxc5 23. Be3 Qc7 24. Rd4 1-0

[Event "Aktobe Open 2022"]
[Site "Aktobe"]
[Date "2022.06.14"]
[Round "1.4"]
[White "Bayantas, Asman"]
[Black "Vakhidov, Jakhongir"]
[Result "0-1"]
[ECO "D75"]
[WhiteElo "1789"]
[BlackElo "2552"]
[Annotator "RC"]
[PlyCount "82"]
[EventDate "2022.06.14"]
[EventType "swiss"]
[EventCountry "KAZ"]
[SourceTitle "playchess.com"]
[Source "ChessBase"]
[SourceQuality "1"]
[TimeControl "5400+30"]

1. d4 Nf6 2. c4 g6 3. Nc3 Bg7 4. g3 d5 5. cxd5 Nxd5 6. Bg2 Nxc3 7. bxc3 c5 8. Nf3 cxd4 9. cxd4 O-O 10. O-O Nc6 11. e3 Be6 12. Nd2 Rc8 13. a4 Bd5 14. Bh3 Rc7 15. Ba3 Re8 16. Rb1 e5 17. e4 Be6 18. Bxe6 fxe6 19. Nc4 Qxd4 20. Nd6 Qxd1 21. Rfxd1 Rb8 22. Nb5 Rf7 23. Rd6 a6 24. Nc3 Nd4 25. Rdb6 Rc8 26. Nd1 Nf3+ 27. Kg2 Nd2 28. Rc1 Nc4 29. Rb3 Rfc7 30. Rbc3 Bh6 31. R1c2 Rc6 32. Bc1 Bf8 33. Kf3 Bb4 34. Rb3 a5 35. Ke2 Nb6 36. Rxc6 bxc6 37. Nb2 c5 38. Rf3 c4 39. Be3 c3 40. Nd3 Nxa4 41. Nxe5 c2 0-1

[Event "Aktobe Open 2022"]
[Site "Aktobe"]
[Date "2022.06.14"]
[Round "1.5"]
[White "Sivuk, Vitaly"]
[Black "Togussov, Uakpai"]
[Result "1-0"]
[ECO "A84"]
[WhiteElo "2529"]
[BlackElo "1823"]
[Annotator "RC"]
[PlyCount "88"]
[EventDate "2022.06.14"]
[EventType "swiss"]
[EventCountry "KAZ"]
[SourceTitle "playchess.com"]
[Source "ChessBase"]
[SourceQuality "1"]
[TimeControl "5400+30"]

1. d4 d5 2. c4 e6 3. Nf3 f5 4. Nc3 Nf6 5. Bf4 c6 6. e3 Bd6 7. Bd3 O-O 8. O-O Qc7 9. Bxd6 Qxd6 10. c5 Qc7 11. b4 a6 12. a4 Nbd7 13. b5 axb5 14. axb5 Rxa1 15. Qxa1 Ne4 16. b6 Qd8 17. Ne2 g5 18. Qb2 Qf6 19. Bxe4 fxe4 20. Ne5 Nxe5 21. dxe5 Qe7 22. Qc3 h5 23. f4 exf3 24. Rxf3 Bd7 25. Rf6 Kg7 26. Rxf8 Qxf8 27. Nd4 Kg6 28. Qc2+ Kh6 29. h4 Qg7 30. Nf3 gxh4 31. Qa4 Qg4 32. Qf4+ Qxf4 33. exf4 Kg6 34. Nxh4+ Kh6 35. Kf2 Kg7 36. Ke3 Kf7 37. g3 Kg7 38. Nf3 Kg6 39. Nd4 Kf7 40. f5 exf5 41. Kf4 Ke7 42. Kg5 Be8 43. Kxf5 Bd7+ 44. e6 Bc8 1-0

[Event "Aktobe Open 2022"]
[Site "Aktobe"]
[Date "2022.06.14"]
[Round "1.6"]
[White "Dayanova, Regina"]
[Black "Rychagov, Andrey"]
[Result "0-1"]
[ECO "A80"]
[WhiteElo "1802"]
[BlackElo "2549"]
[Annotator "RC"]
[PlyCount "48"]
[EventDate "2022.06.14"]
[EventType "swiss"]
[EventCountry "KAZ"]
[SourceTitle "playchess.com"]
[Source "ChessBase"]
[SourceQuality "1"]
[TimeControl "5400+30"]

1. d4 f5 2. Bg5 g6 3. Nc3 d5 4. Qd2 Bg7 5. e3 Nf6 6. O-O-O Be6 7. h4 Nbd7 8. Nh3 Bf7 9. Be2 h6 10. Bxf6 Nxf6 11. Na4 Qd6 12. Nc5 b6 13. Nd3 Ne4 14. Qb4 c5 15. Qa4+ Kf8 16. g4 c4 17. Ndf4 g5 18. hxg5 hxg5 19. Nh5 fxg4 20. Nxg7 gxh3 21. Nf5 Qe6 22. Ng3 Nxg3 23. fxg3 Qxe3+ 24. Rd2 Qxg3 0-1

[Event "Aktobe Open 2022"]
[Site "Aktobe"]
[Date "2022.06.14"]
[Round "1.7"]
[White "Vokhidov, Shamsiddin"]
[Black "Galymzhanuly, Ibragim"]
[Result "1-0"]
[ECO "B01"]
[WhiteElo "2536"]
[BlackElo "1800"]
[Annotator "RC"]
[PlyCount "73"]
[EventDate "2022.06.14"]
[EventType "swiss"]
[EventCountry "KAZ"]
[SourceTitle "playchess.com"]
[Source "ChessBase"]
[SourceQuality "1"]
[TimeControl "5400+30"]

1. e4 d5 2. exd5 Qxd5 3. Nc3 Qd6 4. d4 c6 5. Ne4 Qd8 6. Bc4 Bf5 7. Ng3 Bg6 8. h4 h6 9. N1e2 e6 10. Nf4 Bh7 11. c3 Nf6 12. O-O Bd6 13. Ngh5 O-O 14. Re1 Re8 15. Nxf6+ Qxf6 16. Nh5 Qxh4 17. g3 Qd8 18. Bxh6 gxh6 19. Qg4+ Bg6 20. Bxe6 Rxe6 21. Rxe6 Kh7 22. Nf6+ Kg7 23. Rxd6 Qe7 24. Qf4 Na6 25. Ng4 Qg5 26. Qxg5 hxg5 27. Re1 Nc7 28. Rd7 Bf5 29. Rxc7 Bxg4 30. Ree7 Rf8 31. Kg2 Kg6 32. Rxb7 Be6 33. Rxe6+ fxe6 34. Rxa7 Kf6 35. Rc7 Rb8 36. b4 Ra8 37. Rxc6 1-0

[Event "Aktobe Open 2022"]
[Site "Aktobe"]
[Date "2022.06.14"]
[Round "1.9"]
[White "Makhnev, Denis"]
[Black "Moldagali, Beksultan"]
[Result "1-0"]
[ECO "E04"]
[WhiteElo "2505"]
[BlackElo "1748"]
[Annotator "RC"]
[PlyCount "65"]
[EventDate "2022.06.14"]
[EventType "swiss"]
[EventCountry "KAZ"]
[SourceTitle "playchess.com"]
[Source "ChessBase"]
[SourceQuality "1"]
[TimeControl "5400+30"]

1. d4 Nf6 2. c4 e6 3. Nf3 d5 4. g3 dxc4 5. Bg2 Nc6 6. O-O Rb8 7. a4 Be7 8. Na3 Na5 9. Qc2 Bxa3 10. Rxa3 O-O 11. Rd1 b6 12. Ne5 Bb7 13. Bxb7 Rxb7 14. Bg5 Qd6 15. Bxf6 gxf6 16. Nxc4 Nxc4 17. Qxc4 c6 18. Qc2 f5 19. Rc3 Rc7 20. d5 Rd8 21. Qc1 Rdd7 22. Qg5+ Kh8 23. g4 cxd5 24. Rxc7 Rxc7 25. gxf5 Qe7 26. f6 Qf8 27. Kh1 Qg8 28. Qe5 Rc4 29. Rg1 Qa8 30. Qg5 d4+ 31. f3 Qf8 32. Qh4 Qc5 33. Qh6 1-0

[Event "Aktobe Open 2022"]
[Site "Aktobe"]
[Date "2022.06.14"]
[Round "1.10"]
[White "Ayapov, Alimzhan"]
[Black "Utegaliyev, Azamat"]
[Result "0-1"]
[ECO "A48"]
[WhiteElo "1759"]
[BlackElo "2463"]
[Annotator "RC"]
[PlyCount "98"]
[EventDate "2022.06.14"]
[EventType "swiss"]
[EventCountry "KAZ"]
[SourceTitle "playchess.com"]
[Source "ChessBase"]
[SourceQuality "1"]
[TimeControl "5400+30"]

1. d4 Nf6 2. Bf4 g6 3. c3 Bg7 4. Nd2 O-O 5. e4 d6 6. Ngf3 Nc6 7. Be2 Bg4 8. Be3 Bxf3 9. Bxf3 e5 10. O-O Nd7 11. d5 Ne7 12. Be2 f5 13. f3 Nf6 14. c4 c5 15. a3 h5 16. b4 b6 17. bxc5 bxc5 18. Qa4 Kh7 19. Rab1 Qc7 20. Rb5 Rab8 21. Rfb1 Rb6 22. Qb3 Rfb8 23. a4 Bh6 24. Bxh6 Kxh6 25. Qc3 a6 26. a5 R6b7 27. Rxb7 Rxb7 28. Bd3 Rxb1+ 29. Bxb1 f4 30. h4 Nh7 31. g3 fxg3 32. f4 exf4 33. Qf3 g5 34. hxg5+ Nxg5 35. Qxf4 Ng6 36. Qxg3 Qxa5 37. Nf1 Qa1 38. Bd3 Qe5 39. Qe3 Qf4 40. Qxf4 Nxf4 41. Bb1 Nf3+ 42. Kf2 Ne5 43. Ne3 Kg5 44. Ba2 Ng4+ 45. Kf3 Nxe3 46. Kxe3 Ng6 47. Kf3 h4 48. Bb3 Ne5+ 49. Kg2 Kg4 0-1

[Event "Aktobe Open 2022"]
[Site "Aktobe"]
[Date "2022.06.15"]
[Round "2.1"]
[White "Kairbekova, Amina"]
[Black "Ponkratov, Pavel"]
[Result "0-1"]
[ECO "B08"]
[WhiteElo "2189"]
[BlackElo "2624"]
[Annotator "TA"]
[PlyCount "104"]
[EventDate "2022.06.14"]
[EventType "swiss"]
[EventCountry "KAZ"]
[SourceTitle "playchess.com"]
[Source "ChessBase"]
[SourceQuality "1"]
[TimeControl "5400+30"]

1. e4 Nc6 2. Nf3 d6 3. d4 Nf6 4. Nc3 g6 5. d5 Nb8 6. h3 Bg7 7. Bc4 O-O 8. O-O c6 9. a4 Nbd7 $5 {[%emt 0:01:07][%mdl 4] A promising side line. B08: Pirc Defence: Classical System.} 10. Re1 Qc7 11. Bf1 a5 {[%emt 0:02:46] The position is equal.} 12. Bg5 {[%emt 0:07:07] [#]} h6 $146 ({Predecessor:} 12... Nc5 13. Qd2 e5 14. dxe6 Nxe6 15. Bh6 Rd8 16. Bxg7 Kxg7 17. Rad1 Qb6 18. b3 Qb4 {½-½ (35) Potkin,V (2599)-Sharafiev,A (2415) Sochi 2015}) 13. Be3 Nc5 14. Bd4 Rd8 15. Qd2 e5 16. dxe6 (16. Bxc5 $16 dxc5 17. Rad1) 16... Nxe6 $14 17. Bxf6 Bxf6 18. Qxh6 Qe7 19. Bc4 Bg7 20. Qe3 Nc5 21. Qf4 Qf6 22. Qxf6 Bxf6 23. e5 dxe5 24. Nxe5 Be6 25. Ne4 Nxe4 26. Bxe6 Bxe5 27. Rxe4 Bxb2 28. Rb1 Bf6 29. Bc4 Rd7 30. h4 Kg7 31. g3 Rad8 32. Bd3 Rc7 33. Rc4 Rd5 34. Kg2 Rcd7 35. Re4 Be7 36. Rh1 Bf6 37. Re8 (37. Rb1 $11) 37... b5 $1 $15 38. axb5 cxb5 39. Rb8 (39. Ra8 $15) 39... b4 (39... Ra7 $17 {Hoping for ...a4.} 40. h5 (40. Rxb5 Rxb5 41. Bxb5 a4 $17) (40. Bxb5 a4 $17) 40... gxh5) 40. g4 Be5 41. Rb6 (41. Ra8 $1 $15) 41... Bd4 $36 {[%emt 0:03:54][%mdl 2048] Keeping White busy.} 42. Ra6 R7d6 43. Ra8 Rf6 ({Better is} 43... Bb6 $17 {[%cal Ob4b3] Threatens to win with ...b3!} 44. Rb1 Rc5) 44. f3 Bc3 (44... Bb6 $15 45. Be4 Rd2+ 46. Kh3 Rfd6) 45. h5 g5 46. Rc8 (46. Rb1 $11 {remains equal.}) 46... a4 $17 47. Rc7 {[%emt 0:00:10] This move loses the game for White.} (47. Rf1 $17) 47... a3 $19 {[%emt 0:00:43] And now ...a2 would win.} 48. Kf2 $2 {[%emt 0:00:49] [#]} (48. Ra7) 48... Rxd3 $1 {[%emt 0:01:38][%mdl 512] Black is clearly winning.} 49. cxd3 a2 {[%emt 0:01:38] White must now prevent ...Bd4+.} 50. Rb7 Ra6 (50... Re6 $142 51. h6+ Rxh6) 51. h6+ Rxh6 52. Rc1 Ra6 {[%emt 0:00:08] Weighted Error Value: White=0.58/Black=0.28 (precise)} (52... Rh2+ $142 53. Kg1 Rb2) 0-1

[Event "Aktobe Open 2022"]
[Site "Aktobe"]
[Date "2022.06.15"]
[Round "2.2"]
[White "Afanasiev, Nikita"]
[Black "Balabayeva, Xeniya"]
[Result "1/2-1/2"]
[ECO "D36"]
[WhiteElo "2567"]
[BlackElo "2177"]
[Annotator "TA"]
[PlyCount "287"]
[EventDate "2022.06.14"]
[EventType "swiss"]
[EventCountry "KAZ"]
[SourceTitle "playchess.com"]
[Source "ChessBase"]
[SourceQuality "1"]
[TimeControl "5400+30"]

1. c4 e6 2. Nc3 d5 3. d4 Nf6 4. cxd5 exd5 5. Bg5 Be7 6. e3 c6 7. Bd3 Nbd7 8. h3 Nb6 9. Qc2 Nh5 10. Bxe7 Qxe7 11. O-O-O g6 12. Nf3 Be6 13. Kb1 O-O-O 14. Nd2 Ng7 15. Na4 Nxa4 16. Qxa4 Kb8 17. Ka1 Bf5 18. Be2 h5 19. Rc1 Ne8 20. Rc3 Nd6 21. Ra3 Nc8 22. g3 Rd7 23. Bf1 Rc7 24. Bg2 Qd7 25. Nf3 f6 26. Nd2 Re8 27. h4 b6 28. Rc1 Nd6 29. Bf1 Rec8 30. Ba6 Nb7 31. Rac3 Qd6 32. Nf3 Be4 33. Ng1 c5 34. Ne2 c4 35. Ra3 Bf5 $1 36. Nf4 g5 37. Ne2 $1 (37. Nxh5 $2 Bg4 38. Nf4 (38. Bb5 $2 a5 $19) 38... gxf4 39. exf4 Bd7 $19) 37... Bd7 38. Bb5 a5 39. Nc3 Qe6 (39... gxh4 $11 40. Bxd7 Rxd7) 40. Bxd7 Qxd7 41. b4 cxb3 42. Qxd7 Rxd7 43. Rxb3 Rdc7 44. Kb2 gxh4 (44... Rc6 $14) 45. gxh4 $16 ({Don't play} 45. Rxb6 h3 46. a4 (46. Rxf6 $2 h2 $19) 46... h4 $14) 45... Rc6 46. Rg1 Nd6 {[%emt 0:00:44] [#]} 47. Nxd5 (47. a4 $1 $16) 47... Ka7 (47... Rc2+ $14 48. Kb1 b5) 48. Rc3 $16 Rxc3 49. Nxc3 b5 50. Nd5 ({White should try} 50. Rc1 $16 {[%cal Oc3b5] Hoping for Nxb5+!} Ka6 51. Nd5) 50... Nc4+ $11 51. Ka1 Na3 $1 52. Rg7+ ({Don't do} 52. Nxf6 $6 Rc2 $16) 52... Kb8 $1 53. Kb2 ({But not} 53. Nxf6 Rc2 $16) 53... Nc4+ 54. Ka1 Na3 $1 55. Nxf6 Rc2 $1 56. Ne4 b4 57. Rg1 a4 58. Nc5 $1 Rxf2 59. Na6+ Kb7 60. Nxb4 Re2 61. Rg7+ Kc8 (61... Kb8 $11 {keeps the balance.}) 62. Nd5 (62. Rg5 $16) 62... Nc2+ (62... Kb8 $11) 63. Kb1 $16 Nxe3 64. Nb6+ (64. Nxe3 $16 Rxe3 65. Rh7) 64... Kb8 $11 65. Nxa4 Rd2 66. Rg8+ Kb7 67. Nc5+ Kc6 68. Rg6+ Kb5 69. Nb3 Rg2 70. Rh6 Nd5 71. Rxh5 Kc4 72. Nc1 Rh2 73. Rg5 Rxh4 74. Rg2 Rxd4 75. Nb3 Rd3 76. Kb2 Nb6 77. Rg5 Rd5 78. Rg4+ Kb5 $1 79. Nd4+ Ka5 80. Kb3 Rh5 81. Rg3 Rd5 82. Nc6+ Kb5 83. Nb4 Rh5 84. Nc2 Ka5 85. Nd4 Rd5 86. Rg4 Rh5 87. Rf4 Rh3+ 88. Nf3 Rh5 89. Ka3 Rc5 90. Nd2 Kb5 91. Rb4+ Ka6 92. Rh4 Ra5+ 93. Kb2 Na4+ 94. Kc2 Nc5 95. Kb1 Rb5+ 96. Ka1 Rb6 97. Nb1 Nb7 98. Nc3 Na5 99. Nd5 Rd6 100. Nb4+ Kb5 101. Kb2 Rg6 102. Nc2 Nc4+ 103. Kc3 Rg3+ 104. Kd4 Nb2 105. Ne3 Rg5 106. Rh8 Na4 107. Rb8+ Kc6 108. Rc8+ Kb7 109. Rc2 Nb6 110. Ke4 Rh5 111. Nf5 Nc8 112. Rc3 Rh1 113. Kd4 Rb1 114. Kc5 Rb6 115. Nd4 Rh6 116. Rb3+ Rb6 117. Rh3 Na7 118. Rh7+ Ka6 119. Rh5 Rg6 120. a4 Rg8 121. Kb4 Rg4 122. Rh6+ Kb7 123. Kc5 Rg5+ 124. Kc4 Rg4 125. Kc3 Rg3+ 126. Kb2 Rg2+ 127. Ka3 Rg3+ 128. Nb3 Nc6 129. Kb2 Rg2+ 130. Kc1 Rg1+ 131. Kc2 Rg2+ 132. Kd1 Rg5 133. Nd2 Rg4 134. Nb3 Kb6 135. a5+ Kb5 136. Kd2 Rg2+ 137. Kc3 Rg3+ 138. Kb2 Rg4 139. Rh7 Nb4 140. Rh5+ Ka4 141. Rh3 Rc4 142. Rg3 Rc2+ 143. Kb1 Rh2 144. Kc1 1/2-1/2

[Event "Aktobe Open 2022"]
[Site "Aktobe"]
[Date "2022.06.15"]
[Round "2.3"]
[White "Kurmangaliyeva, Liya"]
[Black "Nesterov, Arseniy"]
[Result "1/2-1/2"]
[ECO "B15"]
[WhiteElo "2207"]
[BlackElo "2569"]
[Annotator "TA"]
[PlyCount "94"]
[EventDate "2022.06.14"]
[EventType "swiss"]
[EventCountry "KAZ"]
[SourceTitle "playchess.com"]
[Source "ChessBase"]
[SourceQuality "1"]
[TimeControl "5400+30"]

1. e4 c6 2. d4 d5 3. Nc3 dxe4 4. Nxe4 Nf6 5. Nxf6+ exf6 6. Nf3 Bd6 7. Bc4 O-O 8. O-O Bg4 {[%emt 0:01:06] B15: Caro-Kann: 3 Nc3: 3...g6 and 3...dxe4 4 Nxe4 Nf6 5 Nxf6+ exf6.} 9. h3 Bh5 10. g4 Bg6 11. Nh4 Bc7 12. Nxg6 hxg6 {[%emt 0:00:12] [#]} 13. Kg2 $146 ({Predecessor:} 13. Qd3 b5 14. Bb3 Qd6 15. f4 a5 16. a3 a4 17. Ba2 Bb6 18. Be3 Ra7 19. Rad1 {1-0 (98) Aldokhin,I (2413)-Sreyas,P (2244) Chess.com INT 2021}) 13... Qd6 {[%emt 0:05:23] [#] Threatens to win with ...b5.} 14. Rh1 $1 Nd7 15. c3 Nb6 16. Bb3 Nd5 17. Qf3 Rfe8 18. c4 (18. Bd2 {is interesting.} a5 19. h4 f5 20. gxf5 gxf5 21. Qxf5 Re2 22. Rad1) 18... Nf4+ {[%emt 0:12:33] The position is equal.} 19. Bxf4 Qxf4 20. Qxf4 (20. Rad1 {with more complications.} Re7 21. Qxf4 Bxf4 22. Kf3) 20... Bxf4 21. Rad1 Rad8 22. Kf3 Bc7 23. Rd3 f5 24. Re3 Kf8 25. Rd1 Re7 26. Rxe7 Kxe7 $11 {[%emt 0:00:04][%mdl 4096] Endgame KRB-KRB} 27. c5 Rh8 28. gxf5 gxf5 29. Kg2 Rd8 30. Kf3 Kf6 31. Bc4 b6 32. b4 a5 33. a3 axb4 34. axb4 bxc5 35. bxc5 Ra8 36. Rd3 g5 37. d5 Ra5 38. dxc6 ({Much weaker is} 38. d6 Bd8 $17) 38... Rxc5 39. Bxf7 Rxc6 40. Bb3 Rb6 41. Kg2 Rb4 42. Rc3 Bb6 43. Bd1 Bd4 44. Rc2 Ke5 45. Bf3 Rb3 46. Rd2 Ra3 47. Bc6 Rb3 {[%emt 0:00:27] Weighted Error Value: White=0.02 (flawless) /Black=0.02 (flawless)} 1/2-1/2

[Event "Aktobe Open 2022"]
[Site "Aktobe"]
[Date "2022.06.15"]
[Round "2.4"]
[White "Vakhidov, Jakhongir"]
[Black "Mazhkenov, Alisher"]
[Result "1-0"]
[ECO "D14"]
[WhiteElo "2552"]
[BlackElo "2045"]
[Annotator "TA"]
[PlyCount "83"]
[EventDate "2022.06.14"]
[EventType "swiss"]
[EventCountry "KAZ"]
[SourceTitle "playchess.com"]
[Source "ChessBase"]
[SourceQuality "1"]
[TimeControl "5400+30"]

1. c4 c6 2. d4 d5 3. cxd5 cxd5 4. Bf4 Nc6 5. e3 Nf6 6. Nc3 Bf5 7. Nf3 e6 8. Be2 Bd6 9. Ne5 $1 {[%emt 0:00:09][%mdl 4] is now more promising than 9.Bxd6. D14: Slav Defence: Exchange variation with ...Bf5.} Bxe5 (9... Qb6 {with more complications.} 10. Bb5 Ne4 11. Bxc6+ bxc6 12. Nxe4 Bxe4 13. O-O Bxe5 14. Bxe5 f6) 10. Bxe5 O-O {[%emt 0:04:31] [#]} 11. Bf4 $146 {[%emt 0:06:56] White is slightly better.} ({Predecessor:} 11. h4 h6 12. g4 Bg6 13. Bxf6 Qxf6 14. f4 Qe7 15. g5 Rfc8 16. Bd3 Qb4 17. Rh2 {1-0 (44) Abdusattorov,N (2633)-Mohammad,N (2429) Sitges 2021}) 11... Qb6 12. Qd2 Ne4 13. Nxe4 Bxe4 14. O-O Rfc8 15. Rac1 Nb4 16. f3 Bg6 17. a3 Nc2 18. Bd1 Qxb2 19. Rf2 Rc4 {[%emt 0:03:35] White leaves nothing to chance now.} 20. e4 $1 $18 ({Worse is} 20. Rxc2 Bxc2 21. Bxc2 Qxa3 $15) 20... Rac8 21. Rxc2 Rxc2 22. Bxc2 Qa1+ (22... Qxa3 {was necessary.} 23. Rf1 b5) 23. Qd1 ({Resist} 23. Rf1 Qxa3 24. Rb1 dxe4 $18) 23... Qxa3 24. exd5 exd5 25. Bb3 Qb4 26. Bxd5 Rd8 27. Ba2 ({Don't play} 27. Re2 $6 h6 $18) 27... Rxd4 {[%emt 0:02:29] [#]} 28. Rd2 Rxd2 29. Qxd2 Qxd2 30. Bxd2 Kf8 31. Bb4+ Ke8 32. Bd5 b6 33. Bc6+ Kd8 34. Bd6 {[%emt 0:00:08] Black must now prevent Bf8.} Bd3 35. Kf2 a5 36. Ke3 Bf1 37. g4 b5 38. Kd4 b4 39. Kc5 b3 40. Kd4 b2 41. Be4 Kd7 42. Ba3 {[%emt 0:00:11] Weighted Error Value: White=0.07 (flawless) /Black=0.26 (precise)} 1-0

[Event "Aktobe Open 2022"]
[Site "Aktobe"]
[Date "2022.06.15"]
[Round "2.5"]
[White "Nurgali, Nazerke"]
[Black "Sivuk, Vitaly"]
[Result "1/2-1/2"]
[ECO "D77"]
[WhiteElo "2237"]
[BlackElo "2529"]
[Annotator "TA"]
[PlyCount "121"]
[EventDate "2022.06.14"]
[EventType "swiss"]
[EventCountry "KAZ"]
[SourceTitle "playchess.com"]
[Source "ChessBase"]
[SourceQuality "1"]
[TimeControl "5400+30"]

1. d4 Nf6 2. c4 g6 3. Nf3 Bg7 4. g3 O-O 5. Bg2 d5 6. O-O dxc4 7. Na3 c3 8. bxc3 c5 9. Ne5 Nc6 10. Nac4 Be6 11. Nxc6 bxc6 12. Ne5 Bd5 {[%emt 0:00:48] [#] D77: Fianchetto Grünfeld: 6 0-0: Replies other than 6...c6.} 13. Bxd5 $146 (13. Ba3 $11) ({Predecessor:} 13. Ba3 Bxg2 14. Kxg2 Qd5+ 15. f3 cxd4 16. cxd4 Nd7 17. Bxe7 Rfe8 18. e4 Qe6 19. Nxd7 Qxe7 20. Nc5 {0-1 (36) Hesham,A (2450)-Artemiev,V (2736) Astana 2019}) 13... cxd5 $15 14. f3 {[%emt 0:02:11] Prevents Ne4.} Qa5 {[%emt 0:01:53] Against Ba3. Black is slightly better.} 15. Qd3 Rfc8 16. Bg5 Rab8 (16... Ne8 $15 17. Bf4 (17. Bxe7 Rc7 $17) 17... Nd6) 17. Bxf6 (17. Rfb1 $11 Rxb1+ 18. Rxb1) 17... exf6 $17 18. Nd7 c4 19. Qc2 Rb7 20. Nc5 Rbc7 21. e4 Bf8 22. Na4 h5 23. Nb2 Re8 24. Nd1 (24. Qa4 $15 {was preferrable.} Qxa4 25. Nxa4) 24... dxe4 25. fxe4 Qg5 (25... Rce7 $17 26. Re1 Bg7) 26. Rf3 $11 Rce7 27. Nf2 {[%emt 0:00:24] next h4 is good for White.} h4 28. Rf1 {[%emt 0:02:20][%cal Oe4e5] Threatens to win with e5!} Bg7 29. Qa4 Rc8 30. Qa6 Rcc7 31. Qd6 Rcd7 32. Qa6 (32. Qb8+ $16 Kh7 33. Rb1) 32... Rb7 ({Better is} 32... Rc7 $1 $11) 33. Qxc4 $14 Rec7 {[%emt 0:00:05] Inhibits Qc8+.} 34. Qe2 Qa5 35. Qd2 Qa3 (35... hxg3 $14 36. hxg3 (36. Rxg3 Rc6 $14) 36... Rb6) 36. Nd1 Rb1 (36... Re7 $14) 37. c4 (37. gxh4 $16 {[%cal Oh4h5] And now h5! would win.} Qa5 38. d5) 37... Qd6 38. Qd3 (38. gxh4 Rxc4 39. Nf2 Rxd4 $17) 38... Rb4 39. Ne3 (39. gxh4 Rcxc4 40. e5 fxe5 41. Rxf7 Rxd4 $17) 39... Ra4 40. R1f2 (40. Qd1 $16 Rcxc4 41. Nxc4 Rxc4 42. e5 (42. gxh4 Rxd4 43. Qe1 Qe6 $14)) 40... h3 $1 41. Qd1 Raxc4 42. Nxc4 Rxc4 43. Rd3 f5 44. e5 (44. exf5 Bxd4 45. Kf1 Qd5 $17) 44... Qc6 (44... Qb6 $11 {keeps the balance.}) 45. Qf3 (45. d5 $1 $16 Qb6 46. d6 (46. Rb3 $2 Qc5 $19) 46... Bxe5 47. d7) 45... Qb6 (45... Qc7 $11) 46. Qe3 $2 {[%emt 0:01:47] [#]} (46. g4 $1 $16 ) 46... Kh7 ({Much less strong is} 46... Qb1+ 47. Rf1 Qxa2 48. Rd2 $11) ({Black should try} 46... Bh6 $1 $17 {( -> ...Qb1+)} 47. Qf3 (47. Qxh6 $2 Qb1+ 48. Rf1 Qxd3 $19) 47... Rxd4 48. Rxd4 Qxd4) 47. Rd1 {[%emt 0:00:15][%cal Og3g4] Inhibits Qb1. g4! is the strong threat.} (47. g4 $5 fxg4 48. Qe4 $14 (48. Rxf7 Qb2 $11)) 47... Bh6 $1 48. Qb3 Qc7 {[%emt 0:01:04] aiming for ...Rc3.} 49. Re2 Rc3 50. Qd5 Be3+ 51. Kf1 Rc1 52. Rxc1 ({But not} 52. Rxe3 $2 Rxd1+ 53. Re1 Rd3 $19) 52... Qxc1+ $11 {[%emt 0:00:01][%mdl 4096] Endgame KQR-KQB} 53. Re1 Qd2 {[%emt 0:00:08][%csl Ge3,LRd4,LRh2][%cal Rd2f2] The position is equal.} 54. Qxf7+ Kh6 55. Qf8+ Kh7 56. Qf7+ Kh6 57. Qf8+ Kh7 58. Qe7+ Kg8 59. Qe8+ Kg7 60. Qe7+ Kg8 61. Qe8+ {[%emt 0:01:28] Weighted Error Value: White=0.27 (precise) /Black=0.26 (precise)} 1/2-1/2